o, chaotic female human Rogue --- --- | |..------@---- ..- -..--.|.....----... -....)...)..|... --...).).......- -- --...)......|^..| |. |...G......--.|.- |.......G..........| . -.................-- |..................| ...................-- ......................-- .................-------..| |..............- ---- --............. |............. --...*....--.. ---..... --- ----.- -- o the Rogue Experience level: 6 Strength: 9 Dexterity: 18 Constitution: 16 Intelligence: 11 Wisdom: 12 Charisma: 8 Health: 0(43) Energy: 30(30) Def: 10 Gold: 6 Moves: 1598 Dungeon seed: QZwR6fsS_Glf202C Game ID: o_1528628051 Your Inventory: Coins $ - 6 gold pieces Weapons b - 5 +0 daggers (in quiver) r - 9 +0 daggers u - a cursed -2 dwarvish short sword (weapon in hand) w - 8 cursed -1 darts B - 24 +0 darts C - a +0 elven dagger Armor y - an uncursed +0 dwarvish mithril-coat (being worn) z - an uncursed +0 dwarvish iron helm (being worn) N - an uncursed +0 pair of iron shoes (being worn) Comestibles g - 2 uncursed food rations l - an uncursed tripe ration q - an uncursed apple Scrolls p - an uncursed scroll of identify v - an uncursed scroll of enchant armor A - a blessed scroll of earth Potions c - an uncursed potion of sickness k - an uncursed potion of water Tools d - an uncursed lock pick f - an uncursed sack j - an uncursed tin whistle t - 2 uncursed tallow candles (0:200) D - an uncursed mirror E - a cursed magic lamp F - 3 uncursed wax candles (0:400) Gems e - an uncursed worthless piece of white glass x - an uncursed topaz stone Y - an uncursed worthless piece of red glass Spells and supernatural/magical abilities: Name Level Category Fail Memory W - pray for help -- divine ? -- Your skills at the end: Fighting Skills Weapon Skills dagger [Skilled] short sword [Basic] Spellcasting Skills Final Attributes: You were piously aligned. You were stealthy. You are dead. Vanquished creatures: a small mimic a gnome king 2 gnome lords a golden naga hatchling a little dog a kitten 4 dwarves a kobold lord a monkey a dwarf zombie an iguana a gas spore a hobbit a yellow mold 15 gnomes 3 jackals 3 kobolds a goblin 3 sewer rats 6 grid bugs a bat 2 lichens 2 kobold zombies a newt 55 creatures vanquished. Voluntary challenges: You were an atheist. You used a wielded weapon 35 times, starting on turn 1. You were illiterate. You never genocided any monsters. You never polymorphed an object. You never changed form. You used no wishes. You never split a pudding. You never wrote Elbereth's name. You violated your moral code, losing 15 points of alignment, starting on turn 500. Dungeon overview: The Dungeons of Doom: levels 1 to 3 Level 1 a long staircase Level 2 a general store, a fountain Level 3 stairs to The Gnomish Mines The Gnomish Mines: levels 4 to 5 Level 4 stairs to The Dungeons of Doom Level 5 <- You were here History has recorded: On T:1 you entered the Dungeons of Doom to retrieve the Amulet of Yendor! On T:413 you reached level 2 of The Dungeons of Doom. On T:492 you advanced to experience level 2. On T:500 you advanced to experience level 3. On T:743 you advanced to experience level 4. On T:800 you reached level 3 of The Dungeons of Doom. On T:832 you reached level 1 of The Gnomish Mines. On T:873 you advanced to experience level 5. On T:1500 you reached level 2 of The Gnomish Mines. On T:1594 you advanced to experience level 6. Score breakdown: Gold: 6 ( 2874 points) Experience: 6 levels (12456 points) Exploration: 5 levels ( 10.64%) ( 8846 points) Discoveries: 6 items ( 2.01%) ( 4256 points) Valuables value: (no points given unless you survive) Artifact value: 0 ( 0 points) Variety of kills: 24 monsters ( 6.30%) ( 7529 points) Turncount: 1598 turns ( 0 points) Survival: died (score multiplied by 80%) Total score: 28768 Latest messages: You are hit by a dagger. The dagger hits the dwarf. The dwarf throws a dart! You are hit by a dart. You throw 2 daggers. The 1st dagger hits the dwarf. The 2nd dagger hits the dwarf! You kill the dwarf! Welcome to experience level 6. The gnome throws a dagger! You are almost hit by a dagger. r - a dagger. (2x) The gnome throws a dagger! You are almost hit by a dagger. (2x) You throw 2 daggers. The gnome throws a dagger! The dagger hits the gnome. The gnome zaps an oak wand! The magic missile hits you! The magic missile bounces! The magic missile hits you! You die... Final status: Goodbye o the Rogue, killed by a magic missile... You died in The Gnomish Mines on dungeon level 5 with 28768 points, and 6 pieces of gold, after 1598 moves. You were level 6 with a maximum of 43 hit points when you died.